 Dungeon Crawl Stone Soup version 0.31-a0-1206-g41278d8d1d (webtiles) character file.

Game seed: 8997860132599712456

190 ytrimaz the Ducker (level 5, 0/41 HPs)
             Began as a Demonspawn Gladiator on Dec 13, 2023.
             Slain by a gnoll
             ... wielding a +0 halberd
             ... led by a gnoll bouda
              (7 damage)
             ... on level 4 of the Dungeon.
             The game lasted 00:03:39 (3583 turns).

ytrimaz the Ducker (Demonspawn Gladiator)           Turns: 3583, Time: 00:03:40

Health: 0/41       AC:  5    Str: 15    XL:     5   Next: 41%
Magic:  5/5        EV: 20    Int:  8    God:
Gold:   132        SH:  0    Dex: 16    Spells: 4/4 levels left

rFire   . . .        a - +0 long sword
rCold   . . .        (no shield)
rNeg    . . .        b - +0 leather armour
rPois   .            c - +0 helmet
rElec   .            (no cloak)
rCorr   .            g - +0 pair of gloves
SInv    .            (no boots)
Will    .....        (no amulet)
Stlth   +            o - +5 ring of evasion
HPRegen 0.26/turn    (no ring)
MPRegen 0.09/turn

%: no passive effects
@: no status effects
A: repulsion field 1
a: no special abilities


You were on level 4 of the Dungeon.
You visited 1 branch of the dungeon, and saw 4 of its levels.

You collected 132 gold pieces.


Innate Abilities, Weirdness & Mutations

You are surrounded by a mild repulsion field. (EV +2)


   Skills:
 + Level 3.6 Fighting
 + Level 3.7 Long Blades
 - Level 2.1 Throwing
 + Level 3.8 Dodging


You had 4 spell levels left.
You didn't know any spells.
Your spell library contained the following spells:

 Spells                   Type           Power      Damage    Failure   Level
 Magic Dart               Conj           0%         1d3       47%         1
 Call Imp                 Summ           0%         N/A       63%         2
 Lesser Beckoning         Tloc           0%         N/A       63%         2
 Scorch                   Fire           0%         2d5       63%         2
 Frozen Ramparts          Ice            0%         1d1       85%         3
 Gell's Gravitas          Tloc           0%         N/A       85%         3
 Mephitic Cloud           Conj/Pois/Air  0%         N/A       85%         3
 Teleport Other           Tloc           0%         N/A       85%         3
 Flame Wave               Conj/Fire      0%         2d4       99%         4
 Petrify                  Tmut/Erth      0%         N/A       99%         4
 Metabolic Englaciation   Hex/Ice        0%         N/A       100%        5
 Summon Cactus Giant      Summ           0%         N/A       100%        6

Inventory:

Hand Weapons
 a - a +0 long sword (weapon)
 n - a +1 hand axe of draining
   (You found it on level 2 of the Dungeon)
Missiles
 d - 3 throwing nets (quivered)
 e - a javelin
Armour
 b - a +0 leather armour (worn)
 c - a +0 helmet (worn)
 g - a +0 pair of gloves (worn)
   (You found it on level 4 of the Dungeon)
Jewellery
 o - a +5 ring of evasion (left hand)
   (You found it on level 2 of the Dungeon)
Wands
 u - a wand of digging (2)
   (You found it on level 3 of the Dungeon)
 w - a wand of flame (21)
   (You took it off Ijyb on level 3 of the Dungeon)
Scrolls
 f - a scroll of torment
 h - 2 scrolls of teleportation
 j - a scroll of vulnerability
 l - a scroll of revelation
Potions
 i - 2 potions of mutation {unknown}
 k - 2 potions of attraction
 m - a potion of enlightenment {unknown}
 p - a potion of resistance {unknown}
 q - a potion of degeneration {unknown}
 r - a potion of lignification {unknown}
 s - a potion of brilliance {unknown}
 t - 2 potions of haste {unknown}

Dungeon Overview and Level Annotations

Branches:
Dungeon (4/15) Zot: 20359
 Temple: D:4-7

Altars:
Vehumet

#####.............###..
####..#..............#....
#.....#...................
#>.............#........##
##....<##......##.........
####...#>....###.........
##...gg.....##..<#......
#......g.#..###.##.##...
#......@.#..##..##.#..##
##......##....#.##.#[...
###...######.#.#..##...
##..###......#.....#.
***#...##............#.
**,*#....#............#.
*#......#................
*..................##.###
*##.......##.....#....,,,


You could see 3 gnolls.


Message History

A quokka is nearby!
A quokka is nearby!
You barely miss the quokka. The quokka misses you.
The quokka completely misses you.
You slash the quokka!
You kill the quokka!
You see here a quokka corpse.
No target in view!
As you read the scroll labelled QOGINY COWAPT, it crumbles to dust.
Your body is wracked with pain!
It was a scroll of torment. 😮 HP[-18]
You take 18 damage, and now have 23/41 hp.
MASSIVE DAMAGE!! (PAUSE)
As you read the scroll labelled ZUBIEPH NYNOWE, it crumbles to dust.
It is a scroll of identify.
h - 2 scrolls of teleportation
As you read the scroll labelled RIEKYDGH ESCHU, it crumbles to dust.
Magic quickly surges around you.
It was a scroll of vulnerability.
Unknown command.
As you read the scroll labelled PEFILIATEIG, it crumbles to dust.
You feel aware of your surroundings.
It was a scroll of revelation.
Unknown command.
As you read the scroll labelled ENEISH CIXZYC, it crumbles to dust.
It is a scroll of amnesia.
You feel forgetful for a moment. 😮 HP[+1]
You start resting.
You feel your willpower return. 😕 HP[+8]
You regained 8 hp, and now have 32/41 hp.
Unknown command.
As you read the scroll of identify, it crumbles to dust.
k - 2 potions of attraction
Found a stone staircase leading up. 😎 HP[+9]
Your hp is fully restored (41).
Unknown command.
A ball python comes into view.
The ball python hisses angrily.
A ball python is nearby!
A ball python is nearby!
A ball python is nearby!
You hit the ball python.
You kill the ball python!
No target in view!
Search for what [Enter for "scarf", or ? for help]? glov You see here a +0 pair of gloves.
g - a +0 pair of gloves You start putting on your armour.
You continue putting on your +0 pair of gloves. x4
You finish putting on your +0 pair of gloves.
Found a stone staircase leading down.
Found an escape hatch in the ceiling.
i - 2 clear potions (gained 1) 2 gnolls come into view.
The gnoll shouts!
A gnoll comes into view.
It is wielding a +0 club and quivering a throwing net.
The gnoll moves out of view.
Found a stone staircase leading down.
The gnoll shouts!
A gnoll comes into view. It is wielding a +0 flail.
A gnoll bouda comes into view. It is wielding a +0 whip.
The gnoll shouts!
You hear a shout!
The gnoll attacks as it pursues you! The gnoll misses you.
The gnoll attacks as it pursues you! The gnoll completely misses you.
Found an escape hatch in the floor.
The gnoll attacks as it pursues you!
The gnoll hits you from afar with a +0 halberd! 😕 HP[-8]
You take 8 damage, and now have 33/41 hp.
The gnoll attacks as it pursues you!
The gnoll hits you from afar with a +0 halberd!
There is an escape hatch in the ceiling, spattered with blood here. 😮 HP[-8]
You take 8 damage, and now have 25/41 hp.
The gnoll attacks as it pursues you! The gnoll completely misses you.
Unknown command.
The gnoll barely misses you.
You closely miss the gnoll. The gnoll misses you.
The gnoll barely misses you. 😮 HP[+1]
You hit the gnoll. The gnoll closely misses you.
The gnoll completely misses you.
You hit the gnoll. The gnoll barely misses you.
The gnoll closely misses you. x3
Unknown command.
You hit the gnoll. The gnoll hits you with a +0 flail!
* * * LOW HITPOINT WARNING * * *
The gnoll barely misses you. The gnoll misses you. 😨 HP[-9]
You take 9 damage, and now have 17/41 hp.
MASSIVE DAMAGE!! (PAUSE) Unknown command.
Okay, then.
The gnoll attacks as it pursues you! The gnoll misses you.
The gnoll attacks as it pursues you! The gnoll closely misses you. x2
The gnoll attacks as it pursues you! The gnoll closely misses you.
The gnoll attacks as it pursues you!
The gnoll hits you from afar with a +0 halberd!
* * * LOW HITPOINT WARNING * * *
The gnoll hits you from afar with a +0 halberd!
You die...

Skill      XL: |  1  2  3  4 |
---------------+-------------+-----
Throwing       | 2 |  2.1
Long Blades    | 3 |  3.7
Dodging        | 3 |  3.8
Fighting       | 3 |  3.6

Action                     |  1- 3 |  4- 6 || total
---------------------------+-------+-------++-------
  Melee: Long sword        |   129 |   110 ||   239
         Punch             |     2 |       ||     2
    Use: Potion            |       |     2 ||     2
         Scroll            |       |     6 ||     6
   Stab: Sleeping          |     1 |       ||     1
 Armour: Leather armour    |    55 |    68 ||   123
  Dodge: Dodged            |   146 |   152 ||   298

Levels and vault maps discovered:
D:1:      wander_arrival_desolate, layout_basic, minmay_misc_feat_secret_circle
D:2:      kennysheep_six_static_rooms, layout_basic, kennysheep_generic_room_3
D:3:      kennysheep_goblin_castle, layout_basic, mainiacjoe_overflow_boulevard
D:4:      layout_cave_pools, gammafunk_ghost_necromancy

Notes
Turn   | Place    | Note
-------+----------+-------------------------------------------
     0 | D:1      | ytrimaz the Demonspawn Gladiator began the quest for the
                  | Orb.
     0 | D:1      | Reached XP level 1. HP: 16/16 MP: 1/1
     0 | D:1      | magus.rc [v1.9.6]
   224 | D:1      | Reached skill level 2 in Throwing
   241 | D:1      | You pick up a book of Displacement and begin reading...
   241 | D:1      | You add the spells Lesser Beckoning, Gell's Gravitas and
                  | Teleport Other to your library.
   268 | D:1      | Gained mutation: You are surrounded by a mild repulsion
                  | field. (EV +2) [demonic ancestry]
   268 | D:1      | Reached XP level 2. HP: 19/22 MP: 2/2
   992 | D:2      | You pick up a book of Scorching and begin reading...
   992 | D:2      | You add the spells Scorch, Flame Wave and Summon Cactus
                  | Giant to your library.
  1008 | D:2      | Reached skill level 3 in Long Blades
  1008 | D:2      | Reached skill level 3 in Dodging
  1070 | D:2      | Reached XP level 3. HP: 28/28 MP: 3/3
  1344 | D:2      | Reached XP level 4. HP: 26/34 MP: 4/4
  1767 | D:2      | Reached skill level 3 in Fighting
  2252 | D:3      | Found a radiant altar of Vehumet.
  2375 | D:3      | HP: 8/35 [gnoll/+0 spear (4)]
  2377 | D:3      | HP: 1/35 [gnoll/+0 spear (3)]
  2382 | D:3      | Reached XP level 5. HP: 21/41 MP: 5/5
  2586 | D:3      | You pick up a book of Sloth and begin reading...
  2586 | D:3      | You add the spells Frozen Ramparts, Petrify and Metabolic
                  | Englaciation to your library.
  2760 | D:3      | You pick up a book of Minor Magic and begin reading...
  2760 | D:3      | You add the spells Magic Dart, Call Imp and Mephitic Cloud
                  | to your library.
  3136 | D:3      | Noticed Ijyb
  3151 | D:3      | HP: 10/41 [Ijyb/+0 dagger of flaming (1)]
  3152 | D:3      | Killed Ijyb
  3583 | D:4      | HP: 7/41 [gnoll/+0 halberd[a gnoll bouda] (10)]
  3583 | D:4      | Slain by a gnoll

Vanquished Creatures
  Ijyb (D:3)
  4 gnolls
  6 adders
  A worm (D:2)
  2 dart slugs
  An orc (D:3)
  4 endoplasms
  2 giant cockroaches
  11 goblins
  4 hobgoblins
  5 jackals
  3 quokkas
  7 ball pythons
  4 bats
  4 frilled lizards
  3 kobolds (D:2)
  7 rats
69 creatures vanquished.

Table legend:
 A = Non-vault XP
 B = Vault XP
 C = Vault XP percentage of total XP
 D = Non-vault monster count
 E = Vault monster count
 F = Vault count percentage of total count
                 A         B        C        D         E       F
            +---------+---------+-------+---------+---------+-------
      Total |     171 |     101 |  37.1 |      50 |      19 |  27.5
            +---------+---------+-------+---------+---------+-------
        D:1 |      17 |       0 |   0.0 |      12 |       0 |   0.0
        D:2 |      85 |      47 |  35.6 |      29 |       8 |  21.6
        D:3 |      65 |      54 |  45.4 |       7 |      11 |  61.1
        D:4 |       4 |       0 |   0.0 |       2 |       0 |   0.0
            +---------+---------+-------+---------+---------+-------

Skill      XL: |  1  2  3  4 |
---------------+-------------+-----
Throwing       | 2 |  2.1
Long Blades    | 3 |  3.7
Dodging        | 3 |  3.8
Fighting       | 3 |  3.6

Action                     |  1- 3 |  4- 6 || total
---------------------------+-------+-------++-------
  Melee: Long sword        |   129 |   110 ||   239
         Punch             |     2 |       ||     2
    Use: Potion            |       |     2 ||     2
         Scroll            |       |     6 ||     6
   Stab: Sleeping          |     1 |       ||     1
 Armour: Leather armour    |    55 |    68 ||   123
  Dodge: Dodged            |   146 |   152 ||   298

Illustrated notes

Table legend:
 A = Kills in this place as a percentage of kills in the entire game.
 B = Kills by you in this place as a percentage of kills by you in the entire game.
 C = Kills by friends in this place as a percentage of kills by friends in the entire game.
 D = Other kills in this place as a percentage of other kills in the entire game.
 E = Experience gained in this place as a percentage of experience gained in the entire game.
 F = Experience gained in this place divided by the number of levels of this place that you have seen.
                   A       B       C       D       E      F
               +-------+-------+-------+-------+-------+----------------------
         Total | 100.0 | 100.0 |   N/A |   N/A | 100.0 |  68.0
       Dungeon | 100.0 | 100.0 |   N/A |   N/A | 100.0 |  68.0
               +-------+-------+-------+-------+-------+----------------------

Table legend: (Time is in decaauts)
 A = Elapsed time spent in this place.
 B = Non-inter-level travel time spent in this place.
 C = Inter-level travel time spent in this place.
 D = Time resting spent in this place.
 E = Time spent auto-exploring this place.
 F = Levels seen in this place.
 G = Mean time per level.
                   A        B        C        D        E       F      G
               +--------+--------+--------+--------+--------+-----+--------+
         Total |   3639 |   3420 |    219 |     32 |   2727 |   4 |  909.8 |
       Dungeon |   3639 |   3420 |    219 |     32 |   2727 |   4 |  909.8 |
               +--------+--------+--------+--------+--------+-----+--------+

Top non-repeatable levels by time:
     D:2: 1525 daAuts
     D:3: 1208 daAuts
     D:1: 724 daAuts
     D:4: 181 daAuts
